 Dungeon Crawl Stone Soup version 0.28-a0-230-g086cc66 (webtiles) character file.

Game seed: 5011218506477242008

32 HDogLeCool the Shield-Bearer (level 3, 0/23 HPs)
             Began as a Gargoyle Fighter on Aug 21, 2021.
             Slain by a hound (2 damage)
             ... on level 3 of the Dungeon on Aug 22, 2021.
             The game lasted 00:04:53 (947 turns).

HDogLeCool the Shield-Bearer (Gargoyle Fighter)      Turns: 947, Time: 00:04:53

Health: 0/23       AC: 10    Str: 20    XL:     3   Next: 27%
Magic:  3/3        EV:  7    Int:  8    God:
Gold:   46         SH:  8    Dex:  9    Spells: 2/2 levels left

rFire   . . .      SeeInvis .   a - +0 flail
rCold   . . .      Faith    .   c - +0 kite shield
rNeg    + . .      Spirit   .   b - +0 scale mail
rPois   ∞          Reflect  .   (no helmet)
rElec   +          Harm     .   (no cloak)
rCorr   .          Rampage  .   (no gloves)
Will    .....                   (no boots)
Stlth   ..........              (no amulet)
HPRegen 0.07/turn               (no ring)
MPRegen 0.08/turn               (no ring)

@: mighty
A: sickness immunity, AC +3, negative energy resistance 1, electricity
resistance, torment resistance 1, petrification resistance
a: no special abilities


You were on level 3 of the Dungeon.
You visited 1 branch of the dungeon, and saw 4 of its levels.

You collected 46 gold pieces.

Inventory:

Hand Weapons
 a - a +0 flail (weapon)
Missiles
 g - 16 poisoned darts (quivered)
Armour
 b - a +0 scale mail (worn)
 c - a +0 kite shield (worn)
Scrolls
 e - a scroll of blinking {unknown}
 f - a scroll of enchant weapon {unknown}


   Skills:
 + Level 3.5 Fighting
 * Level 2.6 Maces & Flails
 + Level 3.6 Armour
 * Level 3.8 Shields


You had 2 spell levels left.
You didn't know any spells.
Your spell library contained the following spells:

 Spells                   Type           Power      Damage    Failure   Level
 Foxfire                  Conj/Fire      0%         2x1d4     99%         1
 Mephitic Cloud           Conj/Pois/Air  0%         N/A       100%        3
 Leda's Liquefaction      Hex/Erth       0%         N/A       100%        4
 Chain Lightning          Conj/Air       0%         N/A       100%        9


Dungeon Overview and Level Annotations

Branches:
Dungeon (4/15)
 Temple: D:4-7

Altars:


Innate Abilities, Weirdness & Mutations

You are immune to sickness and miasma.
Your stone body is resilient. (AC +3)
You are immune to poison.
You resist negative energy. (rN+)
You are resistant to electric shocks. (rElec)
You are resistant to unholy torment.
You are immune to petrification.


Message History

You closely miss the hound.
The adder hisses angrily.
You hear a shout! x2
The hound completely misses you. The hound bites you but does no damage.
You hit the hound.
The hound is heavily wounded.
The hound bites you but does no damage. You block the hound's attack.
An orc comes into view. It is wielding a +0 dagger.
The hound bites you but does no damage.
You hit the hound.
The hound is heavily wounded.
The hound bites you but does no damage. The adder bites you but does no damage.
The hound bites you.
You completely miss the hound.
The hound is heavily wounded.
You block the adder's attack. You block the hound's attack.
The adder barely misses you. The hound bites you but does no damage.
The adder barely misses you. You block the hound's attack. The adder bites you.
Found a stone staircase leading up.
The adder bites you but does no damage.
An orc comes into view. It is wielding a +0 whip.
You block the orc's attack. The hound bites you but does no damage.
An orc and an orc priest come into view.
The orc shouts!
The hound bites you but does no damage.
The orc moves out of view.
Found 15 gold pieces.
Found a black potion.
An ogre comes into view. It is wielding a +0 giant spiked club.
The hound closely misses you. The orc hits you with a +0 whip.
* * * LOW HITPOINT WARNING * * *
There is a stone staircase leading up here.
The hound completely misses you. The orc barely misses you.
You climb upwards.
Found a stone staircase leading up.
There is a stone staircase leading down here.
You thump the orc!
You kill the orc!
The hound barely misses you. The hound bites you but does no damage.
You feel very mighty all of a sudden. The hound bites you but does no damage.
You block the hound's attack. The hound bites you.
You die...

.###.
.#..
.#..
..#
...
#.#
#.#
#h#
#@#
#.#
...
##...
#<###
...
...
...


You could see a hound.

Vanquished Creatures
  An adder skeleton (D:4)
  A dart slug (D:1)
  An orc (D:3)
  3 endoplasms
  A giant cockroach (D:1)
  5 hobgoblins
  6 kobolds
  A quokka (D:1)
  A ball python (D:1)
  A bat (D:1)
  A goblin (D:1)
  3 rats
25 creatures vanquished.

Notes
Turn   | Place    | Note
-------+----------+-------------------------------------------
     0 | D:1      | HDogLeCool the Gargoyle Fighter began the quest for the
                  | Orb.
     0 | D:1      | Reached XP level 1. HP: 14/14 MP: 1/1
   137 | D:1      | Got the Catalogue of the Harmful Oath
   144 | D:1      | Reached XP level 2. HP: 19/19 MP: 2/2
   711 | D:1      | Upgraded the game from 0.28-a0-224-g76b539d to
                  | 0.28-a0-230-g086cc66
   772 | D:2      | Reached XP level 3. HP: 21/23 MP: 3/3
   855 | D:2      | You fall into a shaft and drop 2 floors!
   942 | D:4      | Noticed an ogre
   947 | D:3      | Slain by a hound

Illustrated notes

Levels and vault maps discovered:
D:1:      mrwooster_arrival_statue, layout_rooms
D:2:      layout_basic, kennysheep_generic_room_3, uniq_sigmund
D:3:      layout_rooms, chequers_temple_overflow_minitemple, grunt_ministairs_3,
          minmay_puff, uniq_ijyb, uniq_purgy
D:4:      layout_cave_pools, makhleb_altar_promises_db, serial_forest,
          infiniplex_forest_clump_medium, infiniplex_forest_clump_small,
          infiniplex_forest_straight_2, infiniplex_forest_end_3,
          infiniplex_forest_clump_diagonal, infiniplex_forest_lined_3_way,
          corexii_corridor_pit

Action                   || total
-------------------------++-------
Melee: Flail             ||    75
  Use: Potion            ||     1
Armor: Scale mail        ||    65
Dodge: Dodged            ||    34
Block: Kite shield       ||    46

Table legend: (Time is in decaauts)
 A = Elapsed time spent in this place.
 B = Non-inter-level travel time spent in this place.
 C = Inter-level travel time spent in this place.
 D = Time resting spent in this place.
 E = Time spent auto-exploring this place.
 F = Levels seen in this place.
 G = Mean time per level.
                   A        B        C        D        E       F      G
               +--------+--------+--------+--------+--------+-----+--------+
         Total |    985 |    940 |     45 |    212 |    496 |   4 |  246.2 |
       Dungeon |    985 |    940 |     45 |    212 |    496 |   4 |  246.2 |
               +--------+--------+--------+--------+--------+-----+--------+

Top non-repeatable levels by time:
     D:1: 780 daAuts
     D:2: 102 daAuts
     D:4: 99 daAuts
     D:3: 3 daAuts
